Map: Ulrena

Players

llirrem - Winner!

  • Race: Zerg Zerg
  • League: Platinum

LilDicky

  • Race: Zerg Zerg
  • League: Diamond

VOD

http://www.twitch.tv/tumescentpie

Description

Time

  • Played on: Dec. 15, 2015, 8:45 p.m.
  • Length: 2:39
Show
View Real Time Build Order
Export as new Build Order

llirrem Zerg - Winner!

Build Orders: Pool Only 

Get SALT Encoding   

  12  0:01  Drone  
  13  0:14  Extractor  
  12  0:24  Spawning Pool  
  11  0:28  Drone  
  11  0:33  Drone  
  13  0:38  Drone  
  14  0:50  Overlord  
  14  1:12  Zergling x6  
  14  1:14  Metabolic Boost  
  17  1:23  Zergling x2  
  18  1:36  Zergling x2  
  19  1:45  Zergling x2  
  20  1:49  Queen  
  20  1:53  Baneling Nest  
  21  2:07  Zergling x2  
  22  2:09  Overlord  
Show
View Real Time Build Order
Export as new Build Order

LilDicky Zerg 

Build Orders: Pool Only 

Get SALT Encoding   

  12  0:02  Drone  
  13  0:17  Extractor  
  12  0:28  Spawning Pool  
  11  1:01  Drone x3  
  14  1:16  Overlord  
  14  1:28  Extractor  
  14  1:31  Queen  
  14  1:32  Spore Crawler  
  14  1:36  Drone  
  14  1:37  Drone  
  17  1:47  Drone  
  18  2:00  Zergling x2  
  19  2:10  Zergling x2  
Tags
 
Add a new tag
Caveats
  • Supply blocks, unpowered buildings, or Contaminate may cause inaccurate times.
  • Supply counts are checked every 10 seconds.